 Dungeon Sprint DCSS version 0.28-a0-1387-g3a22ab9bdc (webtiles) character file.

Game seed: 4748394206926295436

27194 HallandMoats the End of an Era (level 13, -3/114 HPs)
             Began as a Mummy Monk on Jan 3, 2022.
             Was the Champion of Qazlal.
             Killed from afar by a balrug (52 damage)
             ... with a fireball
             ... in the Dungeon (Sprint V: "Ziggurat Sprint").
             The game lasted 00:12:24 (1551 turns).

HallandMoats the End of an Era (Mummy Monk)         Turns: 1551, Time: 00:12:25

Health: -3/114     AC: 37    Str: 31    XL:     13   Next: 3%
Magic:  0/25       EV:  8    Int: 12    God:    Qazlal [******]
Gold:   1508       SH: 46    Dex: 15    Spells: 12/12 levels left

rFire   . . .      SeeInvis +   q - +14 obsidian axe {vorpal, Mesm Drain Fly SInv}
rCold   + . .      Faith    .   s - +18 shield of the Gong {rElec rN+ Will+ EV-5}
rNeg    + + +      Spirit   +   r - +15 Maxwell's patent armour {-Cast -Tele rElec Will+ rCorr}
rPois   ∞          Reflect  .   t - +2 helmet {Int+3}
rElec   +          Harm     .   u - +1 cloak {Will+}
rCorr   +          Rampage  .   n - +0 pair of gloves {infuse}
Will    ++++.      NoTele   +   (no boots)
Stlth   .......... NoCast   +   d - brooch of Shielding {Spirit SH+8}
HPRegen 0.29/turn               o - +6 ring of strength
MPRegen 0.19/turn               p - +6 ring of strength

@: weakened, protected from fire, flying, mesmerised, studying Shields, repel
missiles
A: cold resistance 1, negative energy resistance 3, torment resistance 2, heat
vulnerability 1, in touch with death 1, no potions
a: Renounce Religion, Upheaval, Elemental Force, Disaster Area


You were in the Dungeon.
You worshipped Qazlal.
Qazlal was exalted by your worship.
You visited 1 branch You collected 1508 gold pieces.

Inventory:

Hand Weapons
 m - the +7 sceptre of Torment {pain, torment}
   (You found it in the Dungeon)

   In the hands of one skilled in necromantic magic, it inflicts extra damage on
   living creatures.
   It occasionally torments all nearby living foes when it strikes in combat.
 q - the +14 obsidian axe (weapon) {vorpal, Mesm Drain Fly SInv}
   (You found it in the Dungeon)

   It inflicts extra damage upon your enemies.
   It occasionally summons demons to assist the wielder when it strikes in
   combat.
   Its wielder is mesmerised by any visible foes.
   It cannot be unequipped while any foes are visible.
   SInv:      It lets you see invisible.
   Fly:       It grants you flight.
   Drain:     It drains your maximum health when unequipped.
Armour
 k - the +3 gold dragon scales "Ranalul" {+Inv rElec rPois rF+ rC+ Int-3}
   (You found it in the Dungeon)

   Int:       It affects your intelligence (-3).
   rF:        It protects you from fire.
   rC:        It protects you from cold.
   rElec:     It insulates you from electricity.
   rPois:     It protects you from poison.
   +Inv:      It lets you turn invisible.
 n - a +0 pair of gloves of infusion (worn)
 r - the +15 Maxwell's patent armour (worn) {-Cast -Tele rElec Will+ rCorr}
   (You found it in the Dungeon)

   rElec:     It insulates you from electricity.
   -Cast:     It prevents spellcasting.
   -Tele:     It prevents most forms of teleportation.
   rCorr:     It protects you from acid and corrosion.
   Will:      It increases your willpower.
 s - the +18 shield of the Gong (worn) {rElec rN+ Will+ EV-5}
   (You found it in the Dungeon)

   It is deafeningly noisy when blocking attacks.
   EV:        It affects your evasion (-5).
   rElec:     It insulates you from electricity.
   rN:        It protects you from negative energy.
   Will:      It increases your willpower.
 t - a +2 helmet of intelligence (worn)
 u - a +1 cloak of willpower (worn)
Jewellery
 d - the brooch of Shielding (around neck) {Spirit SH+8}
   (You found it in the Dungeon)

   [amulet of guardian spirit]

   It causes incoming damage to be divided between your reserves of health and
   magic.
   SH:        It affects your SH (+8).
 j - a +4 ring of protection
 l - the ring of Ybbiruc {*Slow rN+ Str+2 SInv Stlth+}
   (You took it off a wight in the Dungeon)

   [ring of see invisible]

   Str:       It affects your strength (+2).
   rN:        It protects you from negative energy.
   SInv:      It lets you see invisible.
   *Slow:     It may slow you when you take damage.
   Stlth:     It makes you more stealthy.
 o - a +6 ring of strength (left hand)
 p - a +6 ring of strength (right hand)
Scrolls
 a - 5 scrolls of brand weapon
 c - 4 scrolls of blinking
 e - 4 scrolls of enchant weapon
 f - 4 scrolls of amnesia
 g - 6 scrolls of fog
 h - 5 scrolls of identify
 i - 2 scrolls of fear
 v - 4 scrolls of enchant armour


   Skills:
 * Level 14.9 Fighting
 + Level 11.6 Axes
 + Level 11.2 Armour
 + Level 11.6 Dodging
 - Level 1.5 Stealth
 + Level 11.7 Shields
 * Level 16.9 Invocations


You had 12 spell levels left.
You didn't know any spells.
Your spell library contained the following spells:

 Spells                   Type           Power      Damage    Failure   Level
 Animate Skeleton         Necr           0%         N/A       97%         1
 Foxfire                  Conj/Fire      0%         2x1d4     97%         1
 Pain                     Necr           0%         1d4       97%         1
 Sting                    Tmut/Pois      0%         1d3       97%         1
 Summon Small Mammal      Summ           0%         N/A       97%         1
 Call Imp                 Summ           0%         N/A       99%         2
 Ensorcelled Hibernation  Hex/Ice        0%         N/A       99%         2
 Scorch                   Fire           0%         2d5       99%         2
 Conjure Flame            Conj/Fire      0%         6-21      100%        3
 Inner Flame              Hex/Fire       0%         N/A       100%        3
 Stone Arrow              Conj/Erth      0%         3d7       100%        3
 Vampiric Draining        Necr           0%         2d6       100%        3
 Animate Armour           Summ/Erth      0%         N/A       100%        4
 Cause Fear               Hex            0%         N/A       100%        4
 Flame Wave               Conj/Fire      0%         2d4       100%        4
 Iskenderun's Mystic Bla  Conj/Tloc      0%         2d3       100%        4
 Leda's Liquefaction      Hex/Erth       0%         N/A       100%        4
 Summon Lightning Spire   Summ/Air       0%         N/A       100%        4
 Agony                    Necr           0%         N/A       100%        5
 Alistair's Intoxication  Tmut/Pois      0%         N/A       100%        5
 Excruciating Wounds      Necr           0%         N/A       100%        5
 Manifold Assault         Tloc           0%         N/A       100%        5
 Conjure Ball Lightning   Conj/Air       0%         3x3d6     100%        6
 Summon Cactus Giant      Summ           0%         N/A       100%        6
 Haunt                    Necr/Summ      0%         N/A       100%        7
 Discord                  Hex            0%         N/A       100%        8
 Disjunction              Tloc           0%         N/A       100%        8
 Lehudib's Crystal Spear  Conj/Erth      0%         10d2      100%        8
 Maxwell's Capacitive Co  Air            0%         ∞         100%        8
 Summon Horrible Things   Summ           0%         N/A       100%        8
 Dragon's Call            Summ           0%         N/A       100%        9
 Storm Form               Tmut/Air       Unusable   N/A       N/A         7

Dungeon Overview and Level Annotations

Branches:
Dungeon (1/1)

Altars:
Ashenzari
Cheibriados
Dithmenos
Elyvilon
Fedhas
Gozag
Hepliaklqana
Kikubaaqudgha
Makhleb
Nemelex Xobeh
Okawaru
Qazlal
Ru
Sif Muna
Trog
Uskayaw
Vehumet
Wu Jian
Xom
Yredelemnul
Zin
The Shining One
Beogh
Jiyva
Lugonu


Innate Abilities, Weirdness & Mutations

You are immune to poison.
Your flesh is cold resistant. (rC+)
You are immune to negative energy. (rN+++)
You are immune to unholy pain and torment.
You are vulnerable to heat. (rF-)
You are in touch with the powers of death.
You do not drink.


Message History

The creeping inferno explodes!
The great blast of fire engulfs the balrug!
The balrug partially resists.
The great blast of fire engulfs the balrug!
The balrug partially resists.
The great blast of fire engulfs the hell hog!
The hell hog partially resists.
The hell hog dies!
The great blast of fire engulfs the hell hog!
The hell hog partially resists.
The great blast of fire engulfs the fire giant!
The fire giant partially resists. 2 fire vortices come into view.
The balrug gestures at you. Something smites you! The balrug gestures at you.
The fireball explodes!
The fireball engulfs you! The fire burns you terribly!
You feel protected from fire.
The fire giant is engulfed in blazing flames.
A balrug comes into view.
It is wielding a +3 demon whip of flaming.
You have reached level 13!
You feel more in touch with the powers of death.
Unknown command.
Unknown command.
You don't have enough magic at the moment.
Unknown command.
You can't drink.
You can't drink.
As you read the scroll of fog, it crumbles to dust.
The scroll dissolves into smoke.
The balrug is no longer encased in ice.
The hell hog breathes fire at you.
The fireball explodes!
The fireball engulfs you!
You feel more protected from fire.
The fire giant is engulfed in blazing flames.
The balrug gestures at you.
The fireball explodes!
The fireball engulfs you!
You feel more protected from fire. The balrug gestures at you.
The fireball explodes!
The fireball engulfs you!!!
You die...

▓...)..[).
▓....[§2[):...▓...).....
▓..☼○☼☼°......▓...)...[.
▓..○☼°☼☼......▓.........
▓..○v22C......▓.........
▓..☼○..v......▓.........
▓..○☼☼☼hNh....▓.........
▓.§☼§§§.▓ ▓......... ▓
▓▓§§@§§▓▓ ▓....≈....
▓..▓.§°§§§.▓..▓.....©...
▓..≈..§○○○....▓▓▓▓▓▓▓▓▓▓
▓..≈..§©......▓....8©8..
▓▓▓▓▓▓▓▓▓▓▓▓▓▓▓..}}.).[)
▓........| ▓.......).
▓....))[.. ▓.........


You could see a fire giant (frozen), 3 balrugs, a salamander tyrant, 2 hell hogs
and 2 fire vortices.

Vanquished Creatures
  An acid blob (D)
  A rockslime (D)
  An azure jelly (D)
  2 narguns (D)
  A quicksilver ooze (D)
  A ghoul (D)
  2 vampire knights (D)
  2 salamander tyrants (D)
  A great orb of eyes (D)
  2 hell hogs (D)
  A fire crab (shapeshifter) (D)
  2 skeletal warriors (D)
  2 wolf spiders (D)
  5 necromancers (D)
  A cyclops (D)
  A shining eye (D)
  An ugly thing (D)
  An eye of devastation (D)
  A rust devil (D)
  A guardian serpent (shapeshifter) (D)
  2 freezing wraiths (D)
  A hellion (D)
  3 merfolk (D)
  A tormentor (D)
  2 tarantellas (D)
  4 slime creatures (D)
  3 vampires (D)
  4 jumping spiders (D)
  2 shadows (D)
  A chaos spawn (D)
  A hog (shapeshifter) (D)
  A neqoxec (D)
  3 golden eyes (D)
  A redback (D)
  A hell hound (D)
  An orc warrior (D)
  A centaur (D)
  2 necrophages (D)
  4 scorpions (D)
  5 wights (D)
  A crimson imp (D)
  An iron imp (D)
  4 jellies (D)
  2 shadow imps (D)
  A white imp (D)
  An ufetubus (D)
  An adder skeleton (D)
  3 adder simulacra (D)
  2 orcs (D)
  A bat skeleton (D)
  An endoplasm (D)
  3 ball python simulacra (D)
  2 bat simulacra (D)
  A jackal skeleton (D)
  A quokka simulacrum (D)
  2 quokka skeletons (D)
  2 quokka zombies (D)
  A creeping inferno (D)
103 creatures vanquished.

Vanquished Creatures (collateral kills)
  A quicksilver ooze (D)
  A great orb of eyes (D)
  An ugly thing (D)
  An eye of devastation (D)
  An orange demon (D)
  A red devil (D)
  A merfolk (D)
  2 hell hounds (D)
  A crimson imp (D)
  2 orc priests (D)
  2 orc wizards (D)
  2 orcs (D)
  A fire vortex (D)
17 creatures vanquished.

Vanquished Creatures (others)
  A hell hog (D)
1 creature vanquished.

Grand Total: 121 creatures vanquished

Notes
Turn   | Place    | Note
-------+----------+-------------------------------------------
     0 | D        | HallandMoats the Mummy Monk began the quest for the Orb.
     0 | D        | Reached XP level 1. HP: 18/18 MP: 1/1
     8 | D        | Banished a spatial maelstrom
    24 | D        | Found a blossoming altar of Fedhas.
    24 | D        | Found the +6 Majin-Bo {vamp, MP+6 Int+6}
    24 | D        | Found the +9 heavy crossbow "Sniper" {vorpal, Acc+∞ SInv}
    24 | D        | Found the +10 dark maul {vorpal}
    24 | D        | Found the +15 Maxwell's patent armour {-Cast -Tele rElec
                  | Will+ rCorr}
    24 | D        | Found the +18 shield of the Gong {rElec rN+ Will+ EV-5}
    24 | D        | Found the +14 obsidian axe {vorpal, Mesm Drain Fly SInv}
    24 | D        | Found the +7 great mace "Firestarter" {inner flame, rF++}
    24 | D        | Found the +6 shillelagh "Devastator" {shatter}
    24 | D        | Found the +11 plutonium sword {Contam Stlth-}
    24 | D        | Found the +8 lance "Wyrmbane" {slay drac, rPois rF+ rC+
                  | AC+3}
    24 | D        | Found the +9 sword of Zonguldrok {reap}
    24 | D        | Found the +13 scythe of Curses {drain, Drain}
    24 | D        | Found the +5 sword of Power {vorpal}
    24 | D        | Found the +7 mace of Variability {chain chaos}
    24 | D        | Found the +7 Singing Sword {vorpal, sonic wave}
    24 | D        | Found the +8 storm bow {elec, penet}
    27 | D        | Found a shimmering blue altar of Sif Muna.
    27 | D        | Found a sacrificial altar of Ru.
    27 | D        | Found a bloodstained altar of Trog.
    27 | D        | Found a stormy altar of Qazlal.
    27 | D        | Found an iron altar of Okawaru.
    27 | D        | Found a sparkling altar of Nemelex Xobeh.
    28 | D        | Found a transporter.
    28 | D        | Found an ancient bone altar of Kikubaaqudgha.
    28 | D        | Found a viscous altar of Jiyva.
    28 | D        | Found a corrupted altar of Lugonu.
    28 | D        | Found a hazy altar of Hepliaklqana.
    28 | D        | Found a burning altar of Makhleb.
    28 | D        | Found an opulent altar of Gozag.
    65 | D        | Became a worshipper of Qazlal Stormbringer
    65 | D        | Reached * piety under Qazlal
    65 | D        | Reached ** piety under Qazlal
    82 | D        | Entered arena 2.
    82 | D        | Noticed a jumping spider
    82 | D        | Noticed a scorpion
    82 | D        | Found a transporter.
    85 | D        | Killed a scorpion
    86 | D        | Reached skill level 3 in Invocations
    86 | D        | Reached XP level 2. HP: 21/25 MP: 1/4
    86 | D        | Reached XP level 3. HP: 25/30 MP: 1/5
    89 | D        | Killed a jumping spider
    90 | D        | Reached skill level 5 in Fighting
    90 | D        | Reached skill level 5 in Invocations
    90 | D        | Reached XP level 4. HP: 30/39 MP: 1/8
    90 | D        | Reached XP level 5. HP: 34/44 MP: 1/9
   261 | D        | Entered arena 3.
   261 | D        | Noticed a tarantella
   261 | D        | Noticed a jumping spider
   261 | D        | Found a transporter.
   264 | D        | Killed a tarantella
   265 | D        | Reached skill level 5 in Axes
   265 | D        | Reached skill level 5 in Dodging
   265 | D        | Reached skill level 6 in Invocations
   265 | D        | Reached XP level 6. HP: 45/52 MP: 9/11
   268 | D        | Reached *** piety under Qazlal
   269 | D        | Reached skill level 7 in Invocations
   269 | D        | Killed a jumping spider
   270 | D        | Reached XP level 7. HP: 47/59 MP: 9/12
   280 | D        | Got the Reference Book on Glacial Evil
   287 | D        | Entered arena 4.
   287 | D        | Found a transporter.
   292 | D        | Reached **** piety under Qazlal
   297 | D        | Got the ring "Bemn" {rElec rN+ EV+4 Dex-2}
   300 | D        | Entered arena 5.
   300 | D        | Found the +10 zealot's sword {holy, *Rage rN+ EV+3}
   300 | D        | Found a transporter.
   304 | D        | Reached skill level 5 in Armour
   304 | D        | Reached skill level 5 in Shields
   304 | D        | Reached skill level 8 in Invocations
   306 | D        | Reached ***** piety under Qazlal
   314 | D        | Got the ring "Kynor" {rCorr Str+3 Int+6}
   407 | D        | Entered arena 6.
   407 | D        | Found the brooch of Shielding {Spirit SH+8}
   407 | D        | Found a transporter.
   410 | D        | Reached XP level 8. HP: 67/67 MP: 14/14
   525 | D        | Entered arena 7.
   525 | D        | Noticed a fire crab
   525 | D        | Noticed a brown ugly thing
   525 | D        | Noticed a brown ugly thing
   525 | D        | Noticed a guardian serpent
   526 | D        | Killed a fire crab
   527 | D        | Reached skill level 10 in Invocations
   527 | D        | Reached XP level 9. HP: 75/75 MP: 6/16
   527 | D        | Found a transporter.
   528 | D        | Killed a guardian serpent
   532 | D        | Killed a brown ugly thing
   532 | D        | Killed a brown ugly thing
   532 | D        | Reached ****** piety under Qazlal
   533 | D        | Reached skill level 11 in Invocations
   597 | D        | Entered arena 8.
   597 | D        | Noticed a merfolk
   597 | D        | Noticed a merfolk
   597 | D        | Noticed a merfolk
   597 | D        | Noticed a cyclops
   597 | D        | Noticed a merfolk
   598 | D        | Found a transporter.
   606 | D        | Killed a cyclops
   607 | D        | Killed a merfolk
   607 | D        | Killed a merfolk
   608 | D        | Reached XP level 10. HP: 59/84 MP: 13/18
   616 | D        | Got the ring of the Solstice {Fire rN+ Int+5}
   713 | D        | Entered arena 9.
   713 | D        | Noticed an orange demon
   713 | D        | Noticed a rust devil
   714 | D        | Found a transporter.
   722 | D        | Killed a rust devil
   723 | D        | Reached skill level 10 in Fighting
   723 | D        | Reached skill level 12 in Invocations
   725 | D        | Killed an orange demon
   923 | D        | Got the Tome of Companions
   938 | D        | Entered arena 10.
   938 | D        | Noticed a wolf spider
   938 | D        | Noticed a wolf spider
   940 | D        | Killed a wolf spider
   943 | D        | Killed a wolf spider
   944 | D        | Reached skill level 13 in Invocations
   944 | D        | Found a transporter.
   950 | D        | Got the Incunabulum of the Mountains and Envenoming
   952 | D        | Got the Disquisition on Creative Orientation
  1089 | D        | Entered arena 11.
  1090 | D        | Found a transporter.
  1099 | D        | Got the +3 gold dragon scales "Ranalul" {+Inv rElec rPois
                  | rF+ rC+ Int-3}
  1215 | D        | Entered arena 12.
  1215 | D        | Noticed a great orb of eyes
  1215 | D        | Noticed an azure jelly
  1215 | D        | Noticed a quicksilver ooze
  1215 | D        | Noticed a great orb of eyes
  1216 | D        | Noticed an acid blob
  1216 | D        | Noticed an eye of devastation
  1216 | D        | Found the +7 sceptre of Torment {pain, torment}
  1216 | D        | Noticed a quicksilver ooze
  1217 | D        | Found a transporter.
  1220 | D        | Killed a quicksilver ooze
  1221 | D        | Reached XP level 11. HP: 77/93 MP: 8/21
  1221 | D        | Killed an azure jelly
  1222 | D        | Killed a quicksilver ooze
  1222 | D        | Killed a great orb of eyes
  1223 | D        | Reached skill level 14 in Invocations
  1223 | D        | Killed a great orb of eyes
  1224 | D        | Killed an acid blob
  1225 | D        | Reached skill level 10 in Axes
  1225 | D        | Reached skill level 10 in Dodging
  1308 | D        | Got the ring "Amnoll" {rC+ SInv}
  1313 | D        | Got the amulet "Ciqibb" {RegenMP rC+}
  1323 | D        | Entered arena 13.
  1323 | D        | Noticed a necromancer
  1323 | D        | Noticed a necromancer
  1323 | D        | Noticed a necromancer
  1324 | D        | Noticed a skeletal warrior
  1324 | D        | Noticed a necromancer
  1325 | D        | Found a transporter.
  1326 | D        | Killed a necromancer
  1326 | D        | Killed a necromancer
  1326 | D        | Killed a necromancer
  1326 | D        | Killed a necromancer
  1327 | D        | Reached skill level 10 in Armour
  1327 | D        | Reached skill level 10 in Shields
  1327 | D        | Reached skill level 15 in Invocations
  1343 | D        | Killed a skeletal warrior
  1344 | D        | Reached XP level 12. HP: 86/103 MP: 16/23
  1407 | D        | Entered arena 14.
  1408 | D        | Noticed a rockslime
  1410 | D        | Found a transporter.
  1414 | D        | Killed a rockslime
  1461 | D        | Entered arena 15.
  1461 | D        | Noticed a ghoul
  1462 | D        | Noticed a vampire knight
  1462 | D        | Identified the ring of Ybbiruc {*Slow rN+ Str+2 SInv
                  | Stlth+}
  1463 | D        | Noticed a vampire knight
  1464 | D        | Killed a vampire knight
  1464 | D        | Killed a vampire knight
  1465 | D        | Reached skill level 16 in Invocations
  1465 | D        | Found a transporter.
  1466 | D        | Killed a ghoul
  1518 | D        | Acquired 641 gold pieces
  1520 | D        | Entered arena 16.
  1520 | D        | Noticed a nargun
  1521 | D        | Noticed a nargun
  1523 | D        | Found a transporter.
  1524 | D        | Killed a nargun
  1524 | D        | Killed a nargun
  1543 | D        | Acquired 867 gold pieces
  1546 | D        | Entered arena 17.
  1548 | D        | Noticed a balrug
  1548 | D        | Noticed a salamander tyrant
  1548 | D        | Noticed a hell hog
  1548 | D        | Noticed a balrug
  1548 | D        | Noticed a fire giant
  1548 | D        | Noticed a hell hog
  1548 | D        | Noticed a salamander tyrant
  1549 | D        | Noticed a hell hog
  1549 | D        | Noticed a hell hog
  1549 | D        | Noticed a hell hog
  1549 | D        | Noticed a salamander tyrant
  1549 | D        | Found the +3 salamander hide armour {Flames rF++ rC--}
  1550 | D        | Killed a salamander tyrant
  1550 | D        | Killed a salamander tyrant
  1550 | D        | Killed a hell hog
  1550 | D        | Killed a hell hog
  1550 | D        | Killed a hell hog
  1550 | D        | Noticed a balrug
  1551 | D        | Gained mutation: You are in touch with the powers of death.
                  | [Mummy growth]
  1551 | D        | Reached XP level 13. HP: 71/114 MP: 6/25
  1551 | D        | Killed from afar by a balrug

Illustrated notes

Levels and vault maps discovered:
D:        sprint_v [room_start, room_1, room_2, room_3, room_4, room_5, room_6,
          room_7, room_8, room_9, room_10, room_11, room_12, room_13, room_14,
          room_15, room_16, room_17, room_18, room_19, room_20, room_21,
          room_22, room_23, room_24, room_25, room_26, room_27]

Skill      XL: |  1  2  3  4  5  6  7  8  9 10 11 12 |
---------------+-------------------------------------+-----
Fighting       | 4 5 6 7 8 9 11 12 14 | 14.9
Axes           | 3 4 5 6 7 9 10 11 | 11.6
Armour         | 2 3 4 5 6 7 8 10 11 | 11.2
Dodging        | 3 4 5 6 8 9 10 11 | 11.6
Shields        | 2 3 4 5 6 7 8 10 11 | 11.7
Invocations    | 3 5 6 7 8 10 11 13 15 16 | 16.9
Stealth        | |  1.5

Action                   |  1- 3 |  4- 6 |  7- 9 | 10-12 | 13-15 || total
-------------------------+-------+-------+-------+-------+-------++-------
Melee: Broad axe         |     4 |     5 |    24 |    41 |       ||    74
       Eveningstar       |       |       |       |     1 |       ||     1
Invok: Disaster Area     |       |       |     1 |     7 |       ||     8
Evoke: Piece from Xom's  |       |       |       |     1 |       ||     1
  Use: Scroll            |       |       |       |     2 |     1 ||     3
 Stab: Distracted        |       |       |       |     2 |       ||     2
Armor: Plate armour      |     1 |     1 |    18 |    19 |       ||    39
Dodge: Dodged            |     2 |     1 |     5 |     9 |       ||    17
Block: Kite shield       |    13 |    13 |    56 |    80 |       ||   162

Table legend: (Time is in decaauts)
 A = Elapsed time spent in this place.
 B = Non-inter-level travel time spent in this place.
 C = Inter-level travel time spent in this place.
 D = Time resting spent in this place.
 E = Time spent auto-exploring this place.
 F = Levels seen in this place.
 G = Mean time per level.
                   A        B        C        D        E       F      G
               +--------+--------+--------+--------+--------+-----+--------+
         Total |   1575 |   1575 |      0 |   1063 |      0 |   1 | 1575.0 |
       Dungeon |   1575 |   1575 |      0 |   1063 |      0 |   1 | 1575.0 |
               +--------+--------+--------+--------+--------+-----+--------+

Top non-repeatable levels by time:
       D: 1575 daAuts
